 Dungeon Crawl Stone Soup version 0.30.1-11-g7821555f0a (webtiles) character file.

Game seed: 2155098372943254665

71 Cheops the Slasher (level 4, -4/33 HPs)
             Began as a Demonspawn Gladiator on Dec 1, 2023.
             Killed by divine providence
             ... invoked by an orc priest
              (10 damage)
             ... on level 3 of the Dungeon.
             The game lasted 00:05:02 (1262 turns).

Cheops the Slasher (Demonspawn Gladiator)           Turns: 1262, Time: 00:05:02

Health: -4/33      AC:  4    Str: 14    XL:     4   Next: 5%
Magic:  4/4        EV: 12    Int: 10    God:
Gold:   91         SH:  0    Dex: 16    Spells: 3/3 levels left

rFire   . . .        a - +0 long sword
rCold   . . .        (no shield)
rNeg    . . .        b - +0 leather armour
rPois   .            c - +0 helmet
rElec   .            (no cloak)
rCorr   .            (no gloves)
SInv    .            (no boots)
Will    .....        (no amulet)
Stlth   +            (no ring)
HPRegen 0.25/turn    (no ring)
MPRegen 0.09/turn

%: no passive effects
@: no status effects
A: foul stench 1, weakness stinger 1
a: no special abilities


You were on level 3 of the Dungeon.
You visited 1 branch of the dungeon, and saw 4 of its levels.

You collected 91 gold pieces.

Inventory:

Hand Weapons
 a - a +0 long sword (weapon)
Missiles
 d - 3 throwing nets (quivered)
 e - a javelin
Armour
 b - a +0 leather armour (worn)
 c - a +0 helmet (worn)
Scrolls
 f - a scroll of immolation {unknown}
 g - a scroll of enchant weapon {unknown}
 j - a scroll of magic mapping {unknown}
 k - a scroll of poison {unknown}
 l - a scroll of noise {unknown}
Potions
 h - 3 potions of cancellation {unknown}
 i - a potion of attraction {unknown}


   Skills:
 - Level 2.0 Fighting
 + Level 4.5 Long Blades
 - Level 1.7 Throwing
 - Level 2.6 Dodging


You had 3 spell levels left.
You didn't know any spells.
Your spell library was empty.

Dungeon Overview and Level Annotations

Branches:
Dungeon (4/15)
 Temple: D:4-7

Altars:


Innate Abilities, Weirdness & Mutations

You may rarely emit foul miasma when damaged in melee.
You have a small tail.


Message History

You closely miss the adder.
The adder is lightly wounded.
The adder misses you. The adder bites you but does no damage.
You miss the adder.
The adder is lightly wounded.
The adder bites you.
You are poisoned.
The adder poisons you!
You hit the adder.
The adder is moderately wounded.
You feel sick. The adder barely misses you.
The orc priest invokes the aid of Beogh against you.
Beogh smites you!
Ouch! That really hurt!
* * * LOW HITPOINT WARNING * * *
The adder barely misses you.
You hit the adder. You tail-slap the adder.
The adder is almost dead.
You feel sick. The adder bites you.
* * * LOW HITPOINT WARNING * * *
You emit a cloud of foul miasma!
The orc priest miscasts a cantrip.
You hear a shout!
You miss the adder.
The adder is almost dead.
* * * LOW HITPOINT WARNING * * *
You feel sick.
The adder is engulfed in dark miasma.
The adder is poisoned.
You kill the adder!
You have reached level 4!
You feel clever.
You feel sick.
You are no longer poisoned.
Things that are here:
a +0 dagger; 2 poisoned darts An orc comes into view.
It is wielding a +0 whip.
The orc barely misses you. The orc attacks as you move away!
The orc misses you. The orc attacks as you move away!
The orc closely misses you.
The orc priest calls down the wrath of Beogh upon you.
Beogh smites you!
You die...

### ##.## ##.#.##
###########.###.##
######.....@.o.o## ##)#
#......#########.###.##
#.###### #.#.## #.#
###.### #.# #.....#
#.### #.###o# #...# ...
#/# ###.# ... #.†oo#
#.# #### ..####


You could see an orc priest and an orc.

Vanquished Creatures
  An orc wizard (D:4)
  An adder (D:3)
  A dart slug (D:1)
  An orc (D:4)
  An endoplasm (D:1)
  3 giant cockroaches
  6 goblins
  4 jackals (D:3)
  A quokka (D:4)
  A ball python (D:4)
  3 bats
  2 frilled lizards
  6 kobolds
  2 rats
33 creatures vanquished.

Notes
Turn   | Place    | Note
-------+----------+-------------------------------------------
     0 | D:1      | Cheops the Demonspawn Gladiator began the quest for the
                  | Orb.
     0 | D:1      | Reached XP level 1. HP: 16/16 MP: 1/1
    77 | D:1      | Reached skill level 3 in Long Blades
   124 | D:1      | Gained mutation: You may rarely emit foul miasma when
                  | damaged in melee. [demonic ancestry]
   124 | D:1      | Reached XP level 2. HP: 22/22 MP: 2/2
   128 | D:1      | Found a faded altar of an unknown god.
   812 | D:2      | You fall into a shaft and drop 2 floors!
   926 | D:4      | Reached skill level 4 in Long Blades
   926 | D:4      | Gained mutation: You have a small tail. [demonic ancestry]
   926 | D:4      | Reached XP level 3. HP: 14/27 MP: 3/3
  1247 | D:3      | Reached XP level 4. HP: 3/33 MP: 4/4
  1262 | D:3      | Killed from afar by an orc priest

Illustrated notes

Levels and vault maps discovered:
D:1:      dpeg_arrival_round_b, layout_basic,
          shapermc_ecumenical_altar_mp_vishouse, minmay_heptomino_d4
D:2:      layout_rooms, minmay_misc_feat_five, minmay_tall_x
D:3:      kennysheep_goblin_castle, layout_loops_ring, trog_wizard, uniq_grinder
D:4:      layout_loops_corners, nicolae_titane

Skill      XL: |  1  2 |
---------------+-------+-----
Long Blades    | 3 4 |  4.5
Fighting       | |  2.0
Throwing       | |  1.7
Dodging        | |  2.6

Action                     |  1- 3 |  4- 6 || total
---------------------------+-------+-------++-------
  Melee: Long sword        |   108 |       ||   108
         Tailslap          |     3 |       ||     3
 Armour: Leather armour    |    42 |       ||    42
  Dodge: Dodged            |    64 |     3 ||    67
